 Dungeon Crawl Stone Soup version 0.28.0 (webtiles) character file.

Game seed: 14010466892651883369

508 hofbold the Skirmisher (level 7, 0/70 HPs)
             Began as an Ogre Transmuter on Feb 7, 2022.
             Slain by a kobold brigand (6 damage)
             ... on level 3 of the Dungeon.
             The game lasted 00:05:58 (4987 turns).

hofbold the Skirmisher (Ogre Transmuter)            Turns: 4987, Time: 00:05:59

Health: 0/70       AC:  2    Str: 14 (15) XL:     7   Next: 18%
Magic:  10/13      EV: 19    Int: 13 (16) God:
Gold:   192        SH:  0    Dex: 11 (14) Spells: 4/14 levels left

rFire   . . .      SeeInvis .     - Unarmed
rCold   . . .      Faith    .   (shield currently unavailable)
rNeg    . . .      Spirit   .   (armour currently unavailable)
rPois   x          Reflect  .   (helmet currently unavailable)
rElec   .          Harm     .   (cloak currently unavailable)
rCorr   .          Rampage  .   (gloves unavailable)
Will    .....                   (boots unavailable)
Stlth   +.........              (no amulet)
HPRegen 0.21/turn               (no ring)
MPRegen 0.13/turn               (no ring)

@: spider-form, slowed, very slow
A: venomous fangs, tiny, unfitting armour, (tough skin 1), (antennae 1),
(deformed body), subdued magic 1
a: End Transformation


You were on level 3 of the Dungeon.
You were a venomous arachnid creature.
You visited 1 branch of the dungeon, and saw 3 of its levels.

You collected 192 gold pieces.

Inventory:

Missiles
 e - 5 boomerangs
 f - 8 poisoned darts (quivered)
Armour
 a - a +0 robe (melded)
Scrolls
 c - a scroll of teleportation
 d - 2 scrolls of enchant armour {unknown}
 g - 2 scrolls of identify {unknown}
 j - a scroll of silence {unknown}
Potions
 b - 2 potions of degeneration
 i - a potion of invisibility {unknown}


   Skills:
 + Level 4.1 Fighting
 + Level 3.2 Dodging
 + Level 4.0 Unarmed Combat
 + Level 4.0 Spellcasting
 + Level 3.3 Transmutations
 + Level 1.7 Poison Magic


You had 4 spell levels left.
You knew the following spells:

 Your Spells              Type           Power      Damage    Failure   Level
a - Beastly Appendage     Tmut           16%        N/A       13%         1
b - Wereblood             Tmut           8%         N/A       17%         2
c - Spider Form           Tmut/Pois      7%         N/A       38%         3
d - Ice Form              Ice/Tmut       5%         N/A       85%         4

Your spell library contained the following spells:

 Spells                   Type           Power      Damage    Failure   Level
 Animate Armour           Summ/Erth      4%         N/A       96%         4
 Blade Hands              Tmut           4%         N/A       91%         5
 Iron Shot                Conj/Erth      1%         9d1       100%        6


Dungeon Overview and Level Annotations

Branches:
Dungeon (3/15)

Altars:
Okawaru
Trog

Annotations:
D:3 2 runed translucent doors


Innate Abilities, Weirdness & Mutations

You are a venomous arachnid creature.
You have poisonous fangs.
You are tiny and dextrous.
Your spellcasting is less reliable in this form.
Your armour is entirely melded.
You are incapable of wielding weapons or throwing items.
You are too large for most types of armour.
((You have tough skin. (AC +1)))
((You have a pair of small antennae on your head.))
((Armour fits poorly on your strangely shaped body.))
Your spells are a little easier to cast, but a little less powerful.


Message History

You feel sick.
You feel sick.
A kobold brigand opens the door.
You feel sick.
Your transformation is almost over.
You feel sick.
You are no longer poisoned.
The kobold brigand throws a curare-tipped dart.
The curare-tipped dart closely misses you.
There is a large open door here.
The kobold brigand hits you with a +2 dagger of speed!
You barely miss the kobold brigand.
The kobold brigand hits you with a +2 dagger of speed!
* * * LOW HITPOINT WARNING * * *
The kobold brigand completely misses you.
You hit the kobold brigand.
The kobold brigand is poisoned.
The kobold brigand is lightly wounded.
The kobold brigand hits you with a +2 dagger of speed.
* * * LOW HITPOINT WARNING * * *
The kobold brigand hits you with a +2 dagger of speed.
* * * LOW HITPOINT WARNING * * *
It was a potion of degeneration.
There was something very wrong with that liquid.
You feel weakened.
You feel dopey.
You feel clumsy.
The kobold brigand hits you but does no damage.
The kobold brigand barely misses you.
It was a potion of mutation.
You feel extremely strange. A pair of antennae grows on your head!
Your body twists and deforms.
Your connection to magic feels subdued.
Your transformation has ended.
Your +0 robe unmelds from your body.
The kobold brigand hits you with a +2 dagger of speed!
* * * LOW HITPOINT WARNING * * *
The kobold brigand completely misses you.
The kobold brigand barely misses you.
Casting: Spider Form (dangerous; 19% risk of failure)
Confirm with . or Enter, or press ? or * to list all spells.
You turn into a venomous arachnid creature.
Your +0 robe melds into your body.
The kobold brigand hits you with a +2 dagger of speed.
You die...

########)######.#..##.....####.##
.........).......................
..........().....................
.≈.≈≈.≈≈≈≈..)....≈≈≈.≈≈..≈.≈≈≈≈≈.
≈≈≈≈≈≈≈≈≈≈≈≈≈.....≈≈≈≈≈≈≈≈≈≈≈≈≈≈≈
≈≈≈≈≈≈≈≈≈≈≈≈≈....≈≈≈≈≈≈≈≈≈≈≈≈≈≈≈≈
≈≈≈≈≈≈≈≈≈≈≈≈.....≈≈≈≈≈≈≈≈≈≈≈≈≈≈≈≈
##############''#################
....#.......#...s#.......#.....##
....'.......#...K#.......)......#
....#########)...#########.......
#.)....)...#.....)#..............
#......).).'......'..).K)(.......
#...)......#.....)#....).........
....#########....#########.......
....'.......#....#......)'......#
....#.......#....#.......#.....##


You could see a kobold brigand (very poisoned).

Vanquished Creatures
  3 kobold brigands (D:3)
  2 hounds (D:3)
  An orc wizard (D:3)
  7 gnolls (D:3)
  5 adders
  2 worms (D:2)
  2 dart slugs (D:2)
  4 orcs (D:3)
  6 ball pythons
  5 bats
  5 endoplasms
  3 giant cockroaches (D:1)
  4 goblins
  4 hobgoblins
  4 quokkas
  A frilled lizard (D:2)
  38 kobolds
  5 rats
101 creatures vanquished.

Notes
Turn   | Place    | Note
-------+----------+-------------------------------------------
     0 | D:1      | hofbold the Ogre Transmuter began the quest for the Orb.
     0 | D:1      | Reached XP level 1. HP: 19/19 MP: 3/3
   478 | D:1      | Reached XP level 2. HP: 28/28 MP: 5/5
   483 | D:1      | Learned a level 2 spell: Wereblood
   840 | D:1      | Reached XP level 3. HP: 12/35 MP: 7/7
  2018 | D:2      | Reached XP level 4. HP: 33/44 MP: 6/8
  2438 | D:2      | Found a bloodstained altar of Trog.
  2973 | D:3      | Reached XP level 5. HP: 5/52 MP: 7/9
  3357 | D:3      | Found a bloodstained altar of Trog.
  3446 | D:3      | Learned a level 3 spell: Spider Form
  3451 | D:3      | Learned a level 4 spell: Ice Form
  3458 | D:3      | Found an iron altar of Okawaru.
  3484 | D:3      | Found a large runed translucent door.
  3490 | D:3      | Found a large runed translucent door.
  3963 | D:3      | Noticed a kobold brigand
  3979 | D:3      | Killed a kobold brigand
  3980 | D:3      | Reached skill level 1 in Poison Magic
  3980 | D:3      | Reached XP level 6. HP: 28/61 MP: 3/11
  4664 | D:3      | Reached XP level 7. HP: 60/70 MP: 5/13
  4986 | D:3      | Gained mutation: You have a pair of small antennae on your
                  | head. [potion of mutation]
  4986 | D:3      | Gained mutation: Armour fits poorly on your strangely
                  | shaped body. [potion of mutation]
  4986 | D:3      | Gained mutation: Your spells are a little easier to cast,
                  | but a little less powerful. [potion of mutation]
  4987 | D:3      | Slain by a kobold brigand

Illustrated notes

Levels and vault maps discovered:
D:1:      eino_arrival_druids_welcome, layout_basic, hex_tiny
D:2:      layout_basic, basic_altar
D:3:      minmay_goblin_kobold_castle, layout_basic, jmf_multi_god_temple2,
          mainiacjoe_overflow_alcove_1, mainiacjoe_overflow_paths,
          hangedman_glass_teeth, grunt_decor_one_mirror,
          corexii_item_surrounded_by_moat, uniq_crazy_yiuf_cottage

Skill      XL: |  1  2  3  4  5  6  7 |
---------------+----------------------+-----
Transmutations | 2 3 |  3.3
Dodging        | 2 3 |  3.2
Fighting       | 2 3 4 |  4.1
Unarmed Combat | 3 4 |  4.0
Spellcasting   | 3 4 |  4.0
Poison Magic   | 1 |  1.7

Action                   |  1- 3 |  4- 6 |  7- 9 || total
-------------------------+-------+-------+-------++-------
Melee: Unarmed           |    93 |   172 |    34 ||   299
       Kick              |    17 |    12 |     2 ||    31
       Punch             |     2 |     3 |       ||     5
       Headbutt          |     7 |     4 |     1 ||    12
Throw: Dart              |     2 |       |     4 ||     6
       Boomerang         |     1 |    12 |     2 ||    15
 Cast: Beastly Appendage |    19 |    14 |     2 ||    35
       Spider Form       |       |    15 |     4 ||    19
       Wereblood         |       |     4 |     1 ||     5
  Use: Scroll            |     2 |       |     1 ||     3
       Potion            |       |       |     2 ||     2
Armor: Robe              |    30 |    28 |     2 ||    60
       Skin              |       |     7 |     2 ||     9
Dodge: Dodged            |    55 |   104 |    33 ||   192
